 Dungeon Sprint DCSS version 0.31-a0-841-g038b102fc3 (webtiles) character file.

Game seed: 906252273858743870

413 sircluck the Grappler (level 6, 0/71 HPs)
             Began as a Troll Berserker on Sept 27, 2023.
             Was a Believer of Trog.
             Slain by a goblin
             ... wielding a +0 club
              (4 damage)
             ... in the Dungeon (Sprint VII: "The Pits").
             The game lasted 00:00:35 (40 turns).

sircluck the Grappler (Troll Berserker)               Turns: 40, Time: 00:00:35

Health: 0/71       AC:  4    Str: 28    XL:     6   Next: 59%
Magic:  5/5        EV: 11    Int:  3    God:    Trog [**....]
Gold:   0          SH:  0    Dex:  9    Spells: 5/5 levels left

rFire   . .          .
                       - Unarmed
rCold   . . .        (no shield)
rNeg    . . .        a - +0 animal skin
rPois   .            (helmet restricted)
rElec   .            (no cloak)
rCorr   .            (gloves unavailable)
SInv    .            (boots unavailable)
Will    ++...        (no amulet)
Stlth   +            (no ring)
HPRegen 2.11/turn    (no ring)
MPRegen 0.09/turn

%: no teleportation
@: strong-willed, on berserk cooldown, regenerating, slowed, very slow
A: large, unfitting armour, claws 3, regeneration 1, shaggy fur 1, tough skin 1
a: Renounce Religion, Berserk, Trog's Hand


You were in the Dungeon.
You worshipped Trog.
Trog was pleased with you.
You visited 1 branch

Inventory:

Armour
 a - a +0 animal skin (worn)
Potions
 b - a potion of curing
 d - a potion of haste
 e - 2 potions of magic
 f - a potion of berserk rage


   Skills:
 + Level 7.4 Fighting
 + Level 7.3 Dodging
 + Level 8.8 Unarmed Combat


You had 5 spell levels left.
You didn't know any spells.
Your spell library was empty.

Dungeon Overview and Level Annotations

Branches:
Dungeon (1/1)

Altars:


Innate Abilities, Weirdness & Mutations

You are too large for most types of armour.
You have claws for hands.
Your natural rate of healing is unusually fast.
You are covered in fur. (AC +1)
You have tough skin. (AC +1)


Message History

* * * LOW HITPOINT WARNING * * *
The kobold throws a stone.
The stone barely misses you.
The kobold brigand hits you with a +0 dagger.
* * * LOW HITPOINT WARNING * * *
The goblin misses you.
The kobold brigand hits you with a +0 dagger.
* * * LOW HITPOINT WARNING * * *
Your Dodging skill increases to level 7!
Unknown command.
Unknown command.
Unknown command.
Unknown command.
Blink to where?
Press: ? - help, Q - select action, (/) - cycle Dir - move target
As you read the scroll of blinking, it crumbles to dust.
The kobold throws a stone.
The stone hits you but does no damage.
You feel much better.
The air elemental fires a burst of electricity at you.
The stunning burst hits you!
You suddenly lose the ability to move!
You can move again.
The air elemental fires a burst of electricity at you.
The stunning burst hits the kobold!
The kobold dies!
The stunning burst hits you!
You shrug off the repeated paralysis!
* * * LOW HITPOINT WARNING * * *
The kobold brigand throws a poisoned dart.
The poisoned dart barely misses you.
Your skin crawls.
You feel strong-willed.
The air elemental fires a burst of electricity at you.
The stunning burst hits you!
You suddenly lose the ability to move!
* * * LOW HITPOINT WARNING * * *
You can move again.
You claw the air elemental!
The air elemental is moderately damaged.
The air elemental hits you.
* * * LOW HITPOINT WARNING * * *
The air elemental misses you. The air elemental barely misses you.
The goblin hits you with a +0 club.
You die...

##########++######
#......g.........#
#.....@#..#......#
#.....EK.........+
+.......)........+
#......#..#......#
#................#
####'#####''######
#.......##''#
#.......##ยง)#
#.......##.).#


You could see an air elemental, a kobold brigand and a goblin.

Vanquished Creatures
  A kobold demonologist (D)
  A centaur (D)
  A kobold brigand (D)
  3 kobolds (D)
6 creatures vanquished.

Vanquished Creatures (others)
  A kobold (D)
1 creature vanquished.

Grand Total: 7 creatures vanquished

Notes
Turn   | Place    | Note
-------+----------+-------------------------------------------
     0 | D        | sircluck the Troll Berserker began the quest for the Orb.
     0 | D        | Reached XP level 1. HP: 22/22 MP: 0/0
    11 | D        | Noticed a kobold brigand
    18 | D        | Noticed a kobold demonologist
    21 | D        | Killed a kobold brigand
    22 | D        | Reached skill level 5 in Unarmed Combat
    22 | D        | Reached XP level 2. HP: 33/33 MP: 1/1
    22 | D        | Reached XP level 3. HP: 40/40 MP: 2/2
    22 | D        | Reached ** piety under Trog
    25 | D        | Noticed a centaur
    25 | D        | Noticed a kobold brigand
    27 | D        | Killed a kobold demonologist
    28 | D        | Reached skill level 8 in Unarmed Combat
    28 | D        | Reached XP level 4. HP: 34/55 MP: 3/3
    28 | D        | Reached XP level 5. HP: 38/62 MP: 4/4
    28 | D        | Reached XP level 6. HP: 44/71 MP: 5/5
    30 | D        | Noticed an air elemental
    33 | D        | Reached *** piety under Trog
    37 | D        | Paralysed by an air elemental for 1 turns
    39 | D        | Paralysed by an air elemental for 1 turns
    40 | D        | Slain by a goblin

Illustrated notes

Levels and vault maps discovered:
D:        pitsprint [storerooms_1, entrance_room_1, metal_vault_5, armoury_2,
          mini_pit_1, grid_room_1, main_hall_1, silver_pit, the_coven_1,
          the_vestibule_1, steel_vault_4, golden_pit, hallway_of_sentries,
          crystal_vault_5, iron_vault_1, final_vault]

Skill      XL: |  1  2  3  4  5  6 |
---------------+-------------------+-----
Fighting       | 4 7 |  7.4
Dodging        | 4 6 7 |  7.3
Unarmed Combat | 5 8 |  8.8

Action                     |  1- 3 |  4- 6 || total
---------------------------+-------+-------++-------
  Melee: Unarmed           |    10 |     7 ||    17
         Punch             |     1 |       ||     1
 Invoke: Berserk           |     1 |       ||     1
         Trog's Hand       |       |     1 ||     1
    Use: Scroll            |       |     1 ||     1
         Potion            |       |     1 ||     1
 Armour: Animal skin       |     9 |    23 ||    32
  Dodge: Dodged            |     4 |    13 ||    17

Table legend: (Time is in decaauts)
 A = Elapsed time spent in this place.
 B = Non-inter-level travel time spent in this place.
 C = Inter-level travel time spent in this place.
 D = Time resting spent in this place.
 E = Time spent auto-exploring this place.
 F = Levels seen in this place.
 G = Mean time per level.
                   A        B        C        D        E       F      G
               +--------+--------+--------+--------+--------+-----+--------+
         Total |     42 |     42 |      0 |      0 |     11 |   1 |   42.0 |
       Dungeon |     42 |     42 |      0 |      0 |     11 |   1 |   42.0 |
               +--------+--------+--------+--------+--------+-----+--------+

Top non-repeatable levels by time:
       D: 42 daAuts
